 Dungeon Crawl Stone Soup version 0.22.1-2-g9c5b331383 (webtiles) character file.

33394 Morrissey the Fighter (level 13, -3/146 HPs)
             Began as an Ogre Berserker on Nov 17, 2018.
             Was an Elder of Trog.
             Slain by a yak (7 damage)
             ... on level 6 of the Lair of Beasts.
             The game lasted 00:37:47 (21318 turns).

Morrissey the Fighter (Ogre Berserker)             Turns: 21318, Time: 00:37:48

Health: -3/146     AC:  6    Str: 32    XL:     13   Next: 70%
Magic:  13/13      EV: 14    Int:  8    God:    Trog [****..]
Gold:   1684       SH:  0    Dex:  9    Spells: 12/12 levels left

rFire    + . .     SeeInvis .   a - +3 giant club (flame)
rCold    . . .     Gourm    .   (shield currently unavailable)
rNeg     . . .     Faith    .   y - +1 robe {rF+}
rPois    +         Spirit   .   w - +2 hat {MR+}
rElec    .         Reflect  .   (no cloak)
rCorr    .         Harm     .   (gloves unavailable)
MR       +++++                  (boots unavailable)
Stlth    ..........             (no amulet)
HPRegen  1.34/turn              z - ring of protection from magic
MPRegen  0.13/turn              m - ring "Coanil" {rPois Str+8 Dex-3 Stlth-}

@: lethally poisoned (-3 -> -3), frozen, very slightly contaminated,
regenerating, slowed, very slow
A: large, unfitting armour, tough skin 1
a: Berserk, Trog's Hand, Brothers in Arms, Renounce Religion


You were on level 6 of the Lair of Beasts.
You worshipped Trog.
Trog was greatly pleased with you.
You were hungry.

You visited 2 branches of the dungeon, and saw 17 of its levels.
You also visited: Sewer, Ossuary and Volcano.

You collected 1684 gold pieces.

Inventory:

Hand Weapons
 a - a +3 giant club of flaming (weapon)
 b - a +0 whip of freezing
 n - a +0 giant club of flaming
 E - a +0 flail
 H - a +1 great mace of flaming
 R - a +2 whip of electrocution
Missiles
 s - 372 stones
 t - 8 javelins
 F - 11 large rocks (quivered)
 O - 9 javelins of penetration
Armour
 w - a +2 hat of magic resistance (worn)
 y - a +1 robe of fire resistance (worn)
Jewellery
 m - the ring "Coanil" (right hand) {rPois Str+8 Dex-3 Stlth-}
   (You found it on level 1 of the Lair of Beasts)

   [ring of attention]

   It affects your strength (+8).
   It affects your dexterity (-3).
   It protects you from poison.
   It makes you less stealthy.
 z - a ring of protection from magic (left hand)
 V - a cursed ring of teleportation {unknown}
Wands
 x - a wand of enslavement (16)
 B - a wand of polymorph (22)
 C - a wand of digging (6)
 G - a wand of flame (51)
 M - a wand of scattershot (11)
 P - a wand of acid (5)
 Q - a wand of paralysis (21)
Scrolls
 g - a scroll of acquirement {unknown}
 l - 12 scrolls of remove curse
 p - 5 scrolls of teleportation
 r - 2 scrolls of magic mapping
 v - 4 scrolls of blinking
 A - 3 scrolls of fear
 D - a scroll of enchant armour
 N - a scroll of fog {unknown}
Potions
 d - a potion of might
 e - 2 potions of resistance {unknown}
 f - 2 potions of magic {unknown}
 h - 3 potions of invisibility
 i - 5 potions of lignification
 j - 2 potions of ambrosia {unknown}
 k - 2 potions of haste {unknown}
 o - 5 potions of curing
 q - 5 potions of flight
 u - 4 potions of mutation
 I - 2 potions of degeneration {unknown}
 J - a potion of cancellation {unknown}
 K - 2 potions of agility {unknown}
 S - 5 potions of berserk rage {unknown}
Comestibles
 c - 33 rations
 L - 26 chunks of flesh


   Skills:
 + Level 14.1 Fighting
 * Level 13.4 Maces & Flails
 - Level 10.0 Throwing
 - Level 10.0 Dodging


You had 12 spell levels left.
You didn't know any spells.
Your spell library was empty.

Dungeon Overview and Level Annotations

Branches:
Dungeon (11/15)            Temple (0/1) D:7            Lair (6/6) D:11
  Swamp (0/4) Lair:4       Spider (0/4) Lair:2          Orc (0/2) D:11
  Slime: Lair:5-6

Altars:
Gozag
Makhleb
Trog
Uskayaw
Vehumet
Xom
Zin
The Shining One

Shops:
D:10 [

Annotations:
D:4 exclusion: door
D:5 exclusion: downstairs
D:6 exclusion: downstairs
Lair:2 3 runed doors, Seziory's ghost, novice DEFE
Lair:4 exclusion: 2 downstairs
Lair:5 Kirke; Sonja


Innate Abilities, Weirdness & Mutations

You are too large for most types of armour.
You have tough skin. (AC +1)


Message History

The soldier ant is almost dead.
You feel sick.
A yak comes into view.
The soldier ant stings you but does no damage.
You bludgeon the soldier ant!! You burn the soldier ant.
You kill the soldier ant!
Trog accepts your kill.
Your skin crawls.
You feel resistant to hostile enchantments.
You feel somewhat more hungry.
You feel sick.
A water moccasin comes into view.
You feel much better. The rime drake breathes ice at you.
The flash freeze hits you!
* * * LOW HITPOINT WARNING * * *
You are encased in ice.
The yak gores you.
* * * LOW HITPOINT WARNING * * *
The yak gores you!
You die...

....#.. .....
.....PP#P...##.
......PP.P#....
.....P.P....#.#
..#....PP......
.#......k....#
........P....##
#P.@YP.....
###.YPP....
##P.PPS.#


PPY.... ..P.... .P....# ....... ....... You could see 3 yaks, a rime drake and a
water moccasin.

Vanquished Creatures
  Gastronok (Lair:3)
  A hydra (Lair:2)
  Erica (Lair:1)
  An ogre mage (Volcano)
  7 two-headed ogres
  A skeletal warrior (D:11)
  A hell knight (Volcano)
  Pikel (D:8)
  An ugly thing (D:11)
  2 black mambas
  A gargoyle (D:10)
  A centaur skeleton (D:10)
  10 spiny frogs
  A rime drake (Lair:3)
  A komodo dragon (Lair:2)
  A polar bear (Lair:3)
  A troll (D:9)
  A meliai (Lair:4)
  A hornet (D:11)
  Prince Ribbit (D:7)
  4 blink frogs (Lair:1)
  A slime creature (Lair:5)
  5 hippogriffs
  Sigmund (D:5)
  23 yaks
  A redback (Lair:2)
  2 wyverns
  4 hogs
  A hungry ghost (D:9)
  3 basilisks
  4 water moccasins
  2 soldier ants
  7 porcupines
  Purgy (Sewer)
  5 orc warriors
  2 ice beasts
  3 black bears
  A phantom (D:8)
  5 wolves (Lair:2)
  2 sky beasts
  5 ogres
  4 centaurs
  7 crocodiles
  2 big kobolds
  9 bullfrogs
  4 scorpions
  12 killer bees
  7 wights
  6 howler monkeys
  11 crimson imps
  3 bullfrog zombies
  A quasit (D:6)
  5 hounds
  3 orc priests
  10 jellies
  15 orc wizards
  A bullfrog skeleton (D:9)
  5 worker ants
  A killer bee zombie (D:8)
  A big kobold zombie (Ossuary)
  2 hound zombies
  9 mummies
  A worker ant zombie (D:5)
  A howler monkey zombie (D:11)
  4 gnolls
  15 adders
  3 shadow imps
  2 white imps (D:7)
  6 oozes
  An adder zombie (D:8)
  4 adder skeletons
  A worm (D:2)
  A dart slug (D:2)
  12 leopard geckos
  33 orcs
  10 giant cockroaches
  3 gnoll zombies (Ossuary)
  7 goblins
  7 hobgoblins
  3 iguanas
  8 jackals
  12 kobolds
  6 quokkas
  A ball python (D:1)
  10 bats
  5 frilled lizards
  2 hobgoblin zombies (Ossuary)
  A jackal skeleton (D:5)
  A jackal zombie (D:6)
  2 kobold zombies (Ossuary)
  2 orc zombies (D:5)
  4 rats
  A bush (D:5)
405 creatures vanquished.

Vanquished Creatures (collateral kills)
  A hydra (D:11)
  2 skeletal warriors (D:11)
  A cyclops (D:11)
  A komodo dragon (Lair:5)
  A troll (D:11)
  2 meliai (Lair:4)
  A queen bee (Lair:4)
  A blink frog (Lair:1)
  A hippogriff (Lair:2)
  A phantom (D:11)
  5 wolves (Lair:2)
  A water moccasin skeleton (D:10)
  23 killer bees
  A howler monkey (D:10)
  A hound (D:11)
  An orc wizard (D:10)
  An orc (D:11)
45 creatures vanquished.

Vanquished Creatures (others)
  2 slaves (D:7)
  An adder (D:7)
  2 orcs (D:7)
  6 fungi
  4 plants
15 creatures vanquished.

Grand Total: 465 creatures vanquished

Notes
Turn   | Place    | Note
-------+----------+-------------------------------------------
     0 | D:1      | Morrissey the Ogre Berserker began the quest for the Orb.
     0 | D:1      | Reached XP level 1. HP: 24/24 MP: 1/1
   232 | D:1      | Reached XP level 2. HP: 32/32 MP: 2/2
   512 | D:1      | Reached XP level 3. HP: 39/40 MP: 3/3
  1128 | D:2      | Reached ** piety under Trog
  1180 | D:2      | Reached XP level 4. HP: 12/49 MP: 4/4
  2054 | D:3      | Found an opulent altar of Gozag.
  2086 | D:3      | Reached skill level 5 in Fighting
  2086 | D:3      | Reached XP level 5. HP: 41/57 MP: 5/5
  2416 | D:3      | Found a faded altar of an unknown god.
  2745 | D:3      | Reached *** piety under Trog
  2940 | D:4      | Reached XP level 6. HP: 59/66 MP: 6/6
  2949 | D:4      | Found a shimmering altar of Xom.
  3166 | D:4      | Noticed a two-headed ogre
  3185 | D:4      | Killed a two-headed ogre
  3185 | D:4      | Reached skill level 6 in Fighting
  3185 | D:4      | Reached XP level 7. HP: 50/76 MP: 7/7
  3185 | D:4      | Reached XP level 8. HP: 55/84 MP: 8/8
  3628 | D:4      | Found a glowing drain.
  3642 | Sewer    | Entered a sewer
  3835 | Sewer    | Noticed Purgy
  3840 | Sewer    | Killed Purgy
  3840 | Sewer    | Reached skill level 7 in Fighting
  4234 | D:4      | Found a glowing golden altar of the Shining One.
  4237 | D:4      | Found a radiant altar of Vehumet.
  4240 | D:4      | Found a glowing silver altar of Zin.
  4332 | D:5      | Entered Level 5 of the Dungeon
  4332 | D:5      | Noticed Sigmund
  4582 | D:5      | Killed Sigmund
  4582 | D:5      | Reached skill level 5 in Dodging
  4864 | D:5      | Found a sand-covered staircase.
  4874 | Ossuary  | Entered an ossuary
  5181 | Ossuary  | HP: 4/87 [mummy (9)]
  6232 | D:5      | Reached XP level 9. HP: 96/96 MP: 9/9
  6326 | D:6      | Reached skill level 8 in Fighting
  6631 | D:6      | Reached **** piety under Trog
  6631 | D:6      | Received a gift from Trog
  6970 | D:7      | You fall through a shaft for 2 floors!
  6997 | D:9      | Reached skill level 5 in Throwing
  7053 | D:9      | Reached skill level 9 in Fighting
  7356 | D:9      | Noticed a troll
  7371 | D:9      | Killed a troll
  7371 | D:9      | Reached XP level 10. HP: 97/107 MP: 10/10
  7726 | D:7      | Noticed Pikel
  7756 | D:8      | Killed Pikel
  8211 | D:7      | Noticed Prince Ribbit
  8233 | D:7      | Killed Prince Ribbit
  8280 | D:7      | Found a staircase to the Ecumenical Temple.
  8523 | D:7      | Received a gift from Trog
  8523 | D:7      | Reached skill level 10 in Fighting
  8762 | D:7      | Found a burning altar of Makhleb.
  8763 | D:7      | Found a bloodstained altar of Trog.
  9111 | D:8      | Noticed a hand axe
  9112 | D:8      | Found a hide-covered altar of Uskayaw.
  9112 | D:8      | Noticed a dagger
  9720 | D:9      | Reached skill level 10 in Maces & Flails
  9831 | D:9      | Reached ***** piety under Trog
 10308 | D:9      | Reached XP level 11. HP: 118/118 MP: 11/11
 10649 | D:10     | Entered Level 10 of the Dungeon
 10723 | D:10     | Found Leiluis's Antique Armour Emporium.
 10744 | D:10     | Got an ancient rapier
 10745 | D:10     | Identified the +6 rapier of Hiasuw {venom, MR+ Dex+2 SInv}
                  | (You found it on level 10 of the Dungeon)
 10966 | D:10     | Got a pitted falchion {venom}
 11006 | D:10     | Identified the +6 falchion "Biocemiu" {venom, MR+ Int+2
                  | SInv} (You took it off an orc on level 10 of the Dungeon)
 11026 | D:10     | Received a gift from Trog
 12484 | D:11     | Found a staircase to the Orcish Mines.
 12563 | D:11     | Noticed a skeletal warrior
 12569 | D:11     | Noticed a skeletal warrior
 12582 | D:11     | Noticed a skeletal warrior
 12591 | D:11     | Killed a skeletal warrior
 12600 | D:11     | Killed a skeletal warrior
 12600 | D:11     | Reached skill level 11 in Fighting
 12606 | D:11     | Killed a skeletal warrior
 12976 | D:11     | Found a staircase to the Lair.
 13691 | D:11     | HP: 5/120 [killer bee (4)]
 14041 | D:11     | Noticed a white ugly thing
 14054 | D:11     | Killed a white ugly thing
 14233 | D:11     | Noticed a six-headed hydra
 14235 | D:11     | Noticed a cyclops
 14263 | D:11     | Killed a six-headed hydra
 14570 | D:11     | Killed a cyclops
 14909 | Lair:1   | Entered Level 1 of the Lair of Beasts
 14985 | Lair:1   | Reached XP level 12. HP: 130/130 MP: 12/12
 15032 | Lair:1   | Got a bound glass ring
 15033 | Lair:1   | Identified the ring "Coanil" {rPois Str+8 Dex-3 Stlth-}
                  | (You found it on level 1 of the Lair of Beasts)
 15815 | Lair:1   | Noticed Erica
 15821 | Lair:1   | Killed Erica
 16397 | Lair:1   | Reached skill level 12 in Fighting
 17051 | Lair:2   | Received a gift from Trog
 17063 | Lair:2   | HP: 4/132 [wolf (5)]
 17383 | Lair:2   | Found a dark tunnel.
 17389 | Volcano  | Entered a volcano
 17724 | Volcano  | Noticed a two-headed ogre
 17724 | Volcano  | Noticed an ogre mage
 17724 | Volcano  | Noticed a two-headed ogre
 17731 | Volcano  | Killed an ogre mage
 17737 | Volcano  | Killed a two-headed ogre
 17744 | Volcano  | Killed a two-headed ogre
 17960 | Volcano  | Noticed a two-headed ogre
 17960 | Volcano  | Noticed a two-headed ogre
 17967 | Volcano  | Killed a two-headed ogre
 17970 | Volcano  | Killed a two-headed ogre
 17970 | Volcano  | Reached skill level 13 in Fighting
 18012 | Volcano  | Noticed a two-headed ogre
 18017 | Volcano  | Killed a two-headed ogre
 18017 | Volcano  | Reached XP level 13. HP: 138/144 MP: 13/13
 18298 | Lair:2   | Found a hole to the Spider Nest.
 18389 | Lair:2   | Found a runed gate.
 18390 | Lair:2   | Found a runed gate.
 18393 | Lair:2   | Found a runed gate.
 18393 | Lair:2   | Noticed Seziory's ghost (novice DEFE)
 18874 | Lair:3   | Noticed Gastronok
 18909 | Lair:3   | Killed Gastronok
 19045 | Lair:3   | Reached skill level 10 in Throwing
 19169 | Lair:3   | Received a gift from Trog
 19171 | Lair:3   | Reached skill level 10 in Dodging
 19565 | Lair:4   | Found a staircase to the Swamp.
 20761 | Lair:5   | Noticed Sonja
 20773 | Lair:5   | Noticed Kirke
 21130 | Lair:5   | Reached skill level 14 in Fighting
 21313 | Lair:6   | Entered Level 6 of the Lair of Beasts
 21318 | Lair:6   | HP: 6/146 [rime drake/flash freeze (28)]
 21318 | Lair:6   | Slain by a yak

Skill      XL: |  1  2  3  4  5  6  7  8  9 10 11 12 13 |
---------------+----------------------------------------+-----
Maces & Flails | 3 4 6 7 8 10 11 12 13 | 13.4
Dodging        | 3 4 5 6 7 8 9 10 | 10.0
Fighting       | 5 6 7 9 10 11 13 14 | 14.1
Throwing       | 2 4 5 6 8 9 10 | 10.0

Action                   |  1- 3 |  4- 6 |  7- 9 | 10-12 | 13-15 || total
-------------------------+-------+-------+-------+-------+-------++-------
Melee: Mace              |    25 |       |       |       |       ||    25
       Flail             |    41 |   129 |   340 |       |       ||   510
       Whip              |       |       |   113 |   780 |       ||   893
       Giant club        |       |       |       |     6 |   160 ||   166
Throw: Stone             |       |    12 |     5 |       |       ||    17
       Large rock        |       |       |       |    18 |    15 ||    33
Invok: Berserk           |     4 |     6 |    13 |    25 |     3 ||    51
       Trog's Hand       |       |       |     5 |     4 |     3 ||    12
       Brothers in Arms  |       |       |       |     9 |     3 ||    12
Evoke: Wand              |       |       |       |       |     4 ||     4
  Use: Scroll            |       |       |     8 |    10 |     6 ||    24
       Potion            |       |       |     1 |     3 |     1 ||     5
 Stab: Sleeping          |     1 |       |     2 |     1 |       ||     4
       Distracted        |       |       |       |     1 |       ||     1
  Eat: Chunk             |     4 |    12 |    17 |    39 |     8 ||    80
       Ration            |       |       |     3 |     7 |     2 ||    12
Armor: Animal skin       |    29 |    38 |    18 |       |       ||    85
       Robe              |       |       |    54 |    65 |    25 ||   144
       Skin              |       |       |     4 |       |       ||     4
Dodge: Dodged            |    49 |    81 |   254 |   353 |   125 ||   862
